 Dungeon Crawl Stone Soup version 0.31-a0-971-g75a2e9a4b4 (webtiles) character file.

Game seed: 10407515690260249804

134 zenocrate the Sneak (level 5, -1/24 HPs)
             Began as a Vine Stalker Enchanter on Oct 28, 2023.
             Killed by divine providence
             ... invoked by an orc priest
              (12 damage)
             ... on level 3 of the Dungeon.
             The game lasted 00:01:49 (1716 turns).

zenocrate the Sneak (Vine Stalker Enchanter)        Turns: 1716, Time: 00:01:50

Health: -1/24      AC:  3    Str: 10    XL:     5   Next: 17%
Magic:  0/9        EV: 12    Int: 15    God:
Gold:   70         SH:  0    Dex: 17    Spells: 3/8 levels left

rFire   . . .        a - +1 dagger
rCold   . . .        (no shield)
rNeg    . . .        b - +0 robe
rPois   .            (no helmet)
rElec   .            (no cloak)
rCorr   .            k - +0 pair of gloves
SInv    .            (no boots)
Will    .....        (no amulet)
Stlth   +++          (no ring)
HPRegen 1.04/turn    (no ring)
MPRegen 0.11/turn

%: guardian spirit
@: invisible
A: fangs 2, regeneration 1, magic shield, antimagic bite, no potion heal 2
a: no special abilities


You were on level 3 of the Dungeon.
You visited 1 branch of the dungeon, and saw 3 of its levels.

You collected 70 gold pieces.

Inventory:

Hand Weapons
 a - a +1 dagger (weapon)
Missiles
 e - 4 poisoned darts (quivered)
Armour
 b - a +0 robe (worn)
 k - a +0 pair of gloves (worn)
Scrolls
 d - 2 scrolls of teleportation {unknown}
 g - a scroll of fog {unknown}
 h - a scroll of enchant armour {unknown}
 n - a scroll of fear {unknown}
 o - a scroll of identify {unknown}
Potions
 c - a potion of invisibility
 f - a potion of lignification {unknown}
 i - 2 potions of ambrosia {unknown}
 j - 2 potions of mutation {unknown}
 l - 2 potions of haste {unknown}
 m - 2 potions of heal wounds {unknown}


   Skills:
 + Level 2.2 Short Blades
 + Level 2.2 Dodging
 + Level 4.6 Stealth
 - Level 2.1 Spellcasting
 + Level 3.7 Hexes
 + Level 1.4 Ice Magic


You had 3 spell levels left.
You knew the following spells:

 Your Spells              Type           Power      Damage    Failure   Level
a - Ensorcelled Hibernat  Hex/Ice        18%        N/A       12%         2
b - Confusing Touch       Hex            12%        N/A       14%         3

Your spell library contained the following spells:

 Spells                   Type           Power      Damage    Failure   Level
 Tukima's Dance           Hex            12%        N/A       14%         3
 Sandblast                Erth           2%         2d4       22%         1
 Dazzling Flash           Conj/Hex       14%        N/A       30%         3
 Passwall                 Tmut/Erth      0%         N/A       32%         2
 Stone Arrow              Conj/Erth      2%         3d7       54%         3
 Brom's Barrelling Bould  Conj/Erth      1%         2d3       91%         4


Dungeon Overview and Level Annotations

Branches:
Dungeon (3/15)

Altars:

Shops:
D:3 (


Innate Abilities, Weirdness & Mutations

You have extremely sharp teeth.
Your natural rate of healing is unusually fast.
When hurt, damage is shared between your health and your magic reserves.
Your bite disrupts and absorbs the magic of your enemies.
Potions cannot restore your health.


Message History

You feel invigorated.
The orc is moderately wounded.
Unknown command.
You hit the orc. You bite the orc.
You kill the orc!
The endoplasm hits you but does no damage.
Unknown command.
You hit the endoplasm.
You bite the endoplasm, but do no damage.
The endoplasm is severely wounded.
The endoplasm hits you but does no damage.
Unknown command.
You barely miss the endoplasm. You bite the endoplasm.
You kill the endoplasm!
The orc priest mumbles some strange prayers to Beogh against you.
Pain shoots through your body! The orc closely misses you.
You hit the orc but do no damage. You bite the orc, but do no damage.
The orc barely misses you.
You barely miss the orc.
The orc priest invokes the aid of Beogh against you.
Beogh smites you!
Ouch! That really hurt!
The orc closely misses you.
You hit the orc but do no damage. Your bite misses the orc.
Casting: Ensorcelled Hibernation (safe; 12% risk of failure)
Confirm with . or Enter, or press ? or * to list all spells.
Aiming: Ensorcelled Hibernation (safe; 12% risk of failure)
Press: ? - help, Shift-Dir - straight line, f - orc priest
Aim: an orc priest, wielding a +0 club and wearing a +0 leather armour (unable to see you, chance to affect: 43%)
The orc priest resists with some effort.
The orc priest barely misses you.
Unknown command.
Unknown command.
You hit the orc priest.
You bite the orc priest, but do no damage.
The orc priest is moderately wounded.
The orc priest mumbles some strange prayers to Beogh against you.
Beogh smites you!
Ouch! That really hurt!
You die...

#.##..............
#..#.|####........
#.#..# ###.#....
#..#.######.# .## ..
#.........#.##.###..
#.........#.........
#............#.#....
#...................
#.........o@##..∩.$.
#.....|....o).......
#...................
#.........#.#.......
#.........#.#.##....
####.....##.#.# ...
#..?#....#.. ..
....####.... ..
#.o..#


You could see an orc priest (unable to see you) and an orc (unable to see you).

Vanquished Creatures
  A hound (D:3)
  Terence (D:3)
  2 adders (D:2)
  A worm (D:2)
  2 orcs (D:3)
  6 bats
  7 endoplasms
  7 goblins
  A hobgoblin (D:1)
  4 jackals (D:1)
  6 kobolds
  A quokka (D:1)
  6 ball pythons
  A frilled lizard (D:1)
  8 rats
54 creatures vanquished.

Notes
Turn   | Place    | Note
-------+----------+-------------------------------------------
     0 | D:1      | zenocrate the Vine Stalker Enchanter began the quest for
                  | the Orb.
     0 | D:1      | Reached XP level 1. HP: 9/9 MP: 4/4
    20 | D:1      | Reached skill level 1 in Short Blades
    94 | D:1      | Reached XP level 2. HP: 13/13 MP: 4/6
   138 | D:1      | Reached skill level 4 in Stealth
   191 | D:1      | Learned a level 2 spell: Ensorcelled Hibernation
   382 | D:1      | Reached XP level 3. HP: 16/16 MP: 7/7
   386 | D:1      | Learned a level 3 spell: Confusing Touch
  1188 | D:2      | Reached XP level 4. HP: 19/21 MP: 3/8
  1241 | D:2      | Reached skill level 1 in Ice Magic
  1693 | D:3      | Noticed Terence
  1696 | D:3      | Found Oviag's Weapon Boutique.
  1706 | D:3      | Killed Terence
  1707 | D:3      | Reached XP level 5. HP: 24/24 MP: 6/9
  1716 | D:3      | Killed from afar by an orc priest

Illustrated notes

Levels and vault maps discovered:
D:1:      eino_arrival_tree_alley, layout_basic, fountainhead
D:2:      layout_loops_ring, minmay_pentomino_v2
D:3:      layout_rooms, serial_shops, shop, gammafunk_ghost_arena, uniq_terence

Skill      XL: |  1  2  3  4 |
---------------+-------------+-----
Short Blades   | 1 2 |  2.2
Stealth        | 4 |  4.6
Dodging        | 2 |  2.2
Ice Magic      | 1 |  1.4
Spellcasting   | |  2.1
Hexes          | |  3.7

Action                     |  1- 3 |  4- 6 || total
---------------------------+-------+-------++-------
  Melee: Dagger            |    97 |    32 ||   129
         Bite              |    16 |    11 ||    27
   Cast: Ensorcelled Hiber |     7 |     3 ||    10
    Use: Potion            |       |     1 ||     1
   Stab: Sleeping          |    18 |     8 ||    26
         Invisible         |       |     1 ||     1
 Armour: Robe              |    43 |     8 ||    51
  Dodge: Dodged            |    59 |    16 ||    75

Table legend: (Time is in decaauts)
 A = Elapsed time spent in this place.
 B = Non-inter-level travel time spent in this place.
 C = Inter-level travel time spent in this place.
 D = Time resting spent in this place.
 E = Time spent auto-exploring this place.
 F = Levels seen in this place.
 G = Mean time per level.
                   A        B        C        D        E       F      G
               +--------+--------+--------+--------+--------+-----+--------+
         Total |   1705 |   1646 |     59 |      0 |   1268 |   3 |  568.3 |
       Dungeon |   1705 |   1646 |     59 |      0 |   1268 |   3 |  568.3 |
               +--------+--------+--------+--------+--------+-----+--------+

Top non-repeatable levels by time:
     D:1: 861 daAuts
     D:2: 784 daAuts
     D:3: 60 daAuts
